 Dungeon Crawl Stone Soup version 0.26.1-11-gd32895ea62 (webtiles) character file.

Game seed: 12699146416233178794

2465 Jerry the Basher (level 9, -11/69 HPs)
             Began as a Human Fighter on June 12, 2021.
             Was an Initiate of Gozag.
             Mangled by a two-headed ogre
             ... wielding a +0 giant club
              (19 damage)
             ... on level 8 of the Dungeon.
             The game lasted 00:21:02 (9084 turns).

Jerry the Basher (Human Fighter)                    Turns: 9084, Time: 00:21:02

Health: -11/69     AC: 16    Str: 20    XL:     9   Next: 79%
Magic:  9/9        EV:  8    Int: 14    God:    Gozag
Gold:   1932       SH: 10    Dex: 13    Spells: 8/8 levels left

rFire    . . .     SeeInvis .   E - +4 mace (freeze)
rCold    . . .     Faith    .   e - +0 kite shield (curse)
rNeg     . . .     Spirit   .   j - +3 ring mail {rPois}
rPois    +         Reflect  .   m - +0 helmet
rElec    .         Harm     .   (no cloak)
rCorr    .         Rampage  .   H - +2 pair of gloves
Will     +....                  L - +1 pair of boots
Stlth    +.........             (no amulet)
HPRegen  0.21/turn              v - +6 ring of intelligence
MPRegen  0.11/turn              D - ring of willpower

@: no status effects
A: no striking features
a: Renounce Religion, Potion Petition, Call Merchant, Bribe Branch


You were on level 8 of the Dungeon.
You worshipped Gozag.
Gozag was most pleased with you.
You visited 2 branches of the dungeon, and saw 10 of its levels.
You also visited: Bailey.

You collected 1996 gold pieces.
You paid 64 gold pieces to Gozag.

Inventory:

Hand Weapons
 c - a +0 shortbow
 B - a +0 spectral morningstar
 E - a +4 mace of freezing (weapon)
Missiles
 n - 7 arrows
Armour
 b - a +0 buckler
 e - a cursed +0 kite shield (worn)
 j - a +3 ring mail of poison resistance (worn)
 m - a +0 helmet (worn)
 H - a +2 pair of gloves (worn)
 L - a +1 pair of boots (worn)
Jewellery
 v - a +6 ring of intelligence (left hand)
 D - a ring of willpower (right hand)
Wands
 u - a wand of iceblast (3)
 y - a wand of random effects (13)
 z - a wand of paralysis (19)
 A - a wand of digging (9)
Scrolls
 f - 2 scrolls of remove curse
 h - 3 scrolls of teleportation
 k - 2 scrolls of enchant weapon
 l - a scroll of identify
 F - 3 scrolls of amnesia {unknown}
 G - a scroll of blinking {unknown}
 I - 3 scrolls of noise {unknown}
 J - 3 scrolls of enchant armour {unknown}
 K - 3 scrolls of brand weapon
Potions
 a - a potion of haste
 d - a potion of might
 g - 3 potions of brilliance
 i - 4 potions of resistance
 o - a potion of magic
 q - a potion of mutation
 r - a potion of heal wounds
 s - 2 potions of lignification
 t - 2 potions of attraction
 w - 5 potions of curing
 M - a potion of berserk rage


   Skills:
 + Level 6.3 Fighting
 * Level 8.2 Maces & Flails
 + Level 6.3 Armour
 + Level 6.3 Shields


You had 8 spell levels left.
You didn't know any spells.
Your spell library was empty.

Dungeon Overview and Level Annotations

Branches:
Dungeon (9/15)             Temple (1/1) D:4             Orc (0/2) D:9
 Bailey (visited)
   Lair: D:8-11

Altars:
Ashenzari
Cheibriados
Dithmenos
Elyvilon
Fedhas
Gozag
Hepliaklqana
Kikubaaqudgha
Makhleb
Nemelex Xobeh
Okawaru
Qazlal
Ru
Sif Muna
Trog
Uskayaw
Vehumet
Wu Jian
Xom
Yredelemnul
Zin
The Shining One


Message History

You hit the two-headed ogre. You freeze the two-headed ogre.
The two-headed ogre is moderately wounded.
The two-headed ogre barely misses you. x2
You hit the two-headed ogre. You freeze the two-headed ogre.
The two-headed ogre is moderately wounded.
The two-headed ogre hits you with a +0 giant club!
The two-headed ogre hits you with a +0 giant club.
Your unstable footing causes you to fumble your attack.
The two-headed ogre hits you but does no damage.
The two-headed ogre hits you with a +0 giant club!
Your unstable footing causes you to fumble your attack.
The two-headed ogre hits you with a +0 giant club! x2
* * * LOW HITPOINT WARNING * * *
You hit the two-headed ogre. You freeze the two-headed ogre.
The two-headed ogre is heavily wounded.
The shadow imp grinds its teeth.
You see here 20 stones.
The two-headed ogre hits you with a +0 giant club!!
You die...
Your body crumbles into a pile of gold.

.
.#≈≈#...#.######.#####....
###.≈###≈≈≈≈###≈.# #.#
#.### #....≈≈≈≈≈≈≈≈≈≈..#
#.# #.# # #.. ≈≈≈≈≈≈≈≈≈..#
####.#####+# #
#.≈###≈≈≈≈###≈(# #.......#
$ #.#.#...#≈≈#...#5#
#.......#
#.#.#.⌠.#..#.⌠.#.#
#.......#
#...#...#..#...#O#
#.......#
###..###....###.@#
#.......#
....o.o..........#
######'##
####..#.##...###.########.#
####.##.##...# #..........#
#........#...# ###.########
#.##.#####.#># #.# #.##.#
#.#.# #.# #.##.# #.#.# #.#
#.##.# #.#.# #.#


You could see a two-headed ogre and a shadow imp.

Vanquished Creatures
  2 sky beasts (D:7)
  3 orc warriors (Bailey)
  An ice beast (D:5)
  3 ogres
  A centaur (D:8)
  2 bullfrogs
  A water moccasin zombie (D:7)
  A wyvern skeleton (D:9)
  5 killer bees (D:9)
  A howler monkey (D:4)
  3 wights (D:4)
  An electric eel (D:8)
  A centaur zombie (D:7)
  A quasit (D:9)
  A jelly (D:7)
  An orc wizard (D:5)
  3 hounds
  A centaur skeleton (D:6)
  4 iguanas
  Terence (D:2)
  Natasha (thrice) (D:2)
  5 worker ants
  3 hound skeletons
  A worker ant zombie (D:6)
  Robin (D:2)
  A howler monkey skeleton (D:5)
  5 adders
  4 shadow imps
  3 white imps
  3 ufetubi
  An ooze (D:6)
  An adder zombie (D:5)
  A dart slug (D:3)
  5 leopard geckos
  30 orcs
  2 ball pythons
  5 bats
  7 giant cockroaches
  12 goblins
  12 hobgoblins
  5 jackals
  3 quokkas
  A frilled lizard (D:1)
  A jackal skeleton (D:8)
  A jackal zombie (D:7)
  8 kobolds
  2 quokka skeletons (D:4)
  A quokka zombie (D:5)
  3 rats
167 creatures vanquished.

Vanquished Creatures (others)
  An orc wizard (D:8)
1 creature vanquished.

Grand Total: 168 creatures vanquished

Notes
Turn   | Place    | Note
-------+----------+-------------------------------------------
     0 | D:1      | Jerry the Human Fighter began the quest for the Orb.
     0 | D:1      | Reached XP level 1. HP: 18/18 MP: 1/1
   158 | D:1      | Reached XP level 2. HP: 24/24 MP: 2/2
   774 | D:1      | Reached XP level 3. HP: 29/29 MP: 3/3
  1026 | D:2      | Noticed Natasha
  1032 | D:2      | Killed Natasha
  1033 | D:2      | Reached skill level 3 in Maces & Flails
  1033 | D:2      | Reached XP level 4. HP: 35/35 MP: 4/4
  1052 | D:2      | Noticed Natasha
  1060 | D:2      | Killed Natasha
  1224 | D:2      | Noticed Terence
  1244 | D:2      | Killed Terence
  1245 | D:2      | Reached XP level 5. HP: 17/41 MP: 5/5
  1594 | D:2      | Noticed Natasha
  1607 | D:2      | Killed Natasha
  1774 | D:2      | Noticed Robin
  1791 | D:2      | Killed Robin
  2047 | D:2      | Found a hide-covered altar of Uskayaw.
  2345 | D:3      | Found a glowing golden altar of the Shining One.
  2498 | D:3      | Found an ornate altar of the Wu Jian Council.
  2498 | D:3      | Found a shimmering altar of Xom.
  2498 | D:3      | Found a radiant altar of Vehumet.
  2629 | D:3      | Reached XP level 6. HP: 43/48 MP: 6/6
  2866 | D:4      | Reached skill level 4 in Maces & Flails
  3128 | D:4      | Found a white marble altar of Elyvilon.
  3184 | D:4      | Found a snail-covered altar of Cheibriados.
  3310 | D:4      | Noticed an ogre
  3314 | D:4      | Killed an ogre
  3315 | D:4      | Reached XP level 7. HP: 37/54 MP: 7/7
  3522 | D:4      | Found a staircase to the Ecumenical Temple.
  3531 | Temple   | Entered the Ecumenical Temple
  3594 | Temple   | Became a worshipper of Gozag Ym Sagoz the Greedy
  3623 | D:4      | You fall into a shaft and drop 2 floors!
  3744 | D:6      | Reached skill level 5 in Maces & Flails
  3770 | D:6      | Found a burning altar of Makhleb.
  3965 | D:5      | Entered Level 5 of the Dungeon
  4104 | D:5      | HP: 2/55 [ogre/+0 giant spiked club (3)]
  4394 | D:5      | Found a basalt altar of Yredelemnul.
  4401 | D:5      | Reached XP level 8. HP: 57/61 MP: 8/8
  4829 | D:5      | Reached skill level 5 in Shields
  5026 | D:4      | Reached skill level 5 in Armour
  5300 | D:4      | Reached skill level 6 in Maces & Flails
  5904 | D:6      | Reached skill level 5 in Fighting
  6963 | D:7      | Reached XP level 9. HP: 57/68 MP: 9/9
  7106 | D:7      | Reached skill level 7 in Maces & Flails
  7174 | D:7      | Found a glowing silver altar of Zin.
  8299 | D:9      | Found a flagged portal.
  8306 | Bailey   | Entered a bailey
  8565 | Bailey   | Found a burning altar of Makhleb.
  8638 | D:9      | Found a bloodstained altar of Trog.
  8781 | D:9      | Reached skill level 8 in Maces & Flails
  9068 | D:8      | Noticed a two-headed ogre
  9084 | D:8      | Mangled by a two-headed ogre

Illustrated notes

Levels and vault maps discovered:
D:1:      doesnt_arrival_eight_statues, layout_basic
D:2:      layout_loops_ring, general_overflow_altar, uniq_natasha, uniq_terence,
          uniq_robin
D:3:      layout_rooms, chequers_temple_overflow_statue_of_worship,
          nicolae_tso_carved_into_rock, chequers_serial_rivers_large_a
D:4:      layout_loops_corners, elyvilon_altar_4,
          nicolae_overflow_crystal_walls, minmay_temple_entry_junction_2
D:5:      layout_rooms, amcnicky_mini_pool_small, yredelemnul_altar_generic
D:6:      layout_gridville, lemuel_crystal_altar, grunt_ministairs_15
D:7:      layout_rooms, zin_academy
D:8:      layout_basic, fountainhead, led_sif_pool
D:9:      layout_basic, erik_orc_1, enter_bailey_2, trog_hazing_becter
Temple:   nicolae_temple_god_jail

Skill      XL: |  1  2  3  4  5  6  7  8  9 |
---------------+----------------------------+-----
Maces & Flails | 3 4 5 6 8 |  8.2
Fighting       | 4 5 6 |  6.3
Armour         | 4 5 6 |  6.3
Shields        | 4 5 6 |  6.3

Action                   |  1- 3 |  4- 6 |  7- 9 || total
-------------------------+-------+-------+-------++-------
Melee: Flail             |    57 |   182 |       ||   239
       Mace              |       |    11 |   409 ||   420
Evoke: Wand              |       |       |     2 ||     2
  Use: Scroll            |       |       |    20 ||    20
 Stab: Distracted        |       |       |     3 ||     3
Armor: Scale mail        |    26 |     6 |       ||    32
       Chain mail        |       |    86 |   172 ||   258
       Ring mail         |       |       |    34 ||    34
Dodge: Dodged            |    24 |    38 |   105 ||   167
Block: Kite shield       |    27 |    89 |   191 ||   307
       Buckler           |       |       |    11 ||    11
